 Dungeon Crawl Stone Soup version 0.31-a0-354-g827e0957a7 (webtiles) character file.

Game seed: 3381710806496812697

133 Grim the Vexing (level 4, -6/24 HPs)
             Began as a Deep Elf Hexslinger on July 24, 2023.
             Mangled by a black bear (10 damage)
             ... on level 3 of the Dungeon.
             The game lasted 00:05:22 (2712 turns).

Grim the Vexing (Deep Elf Hexslinger)               Turns: 2712, Time: 00:05:23

Health: -6/24      AC:  5    Str:  5    XL:     4   Next: 94%
Magic:  7/8        EV: 13    Int: 18    God:
Gold:   115        SH:  0    Dex: 19    Spells: 2/6 levels left

rFire   . . .        a - +1 sling
rCold   . . .        (no shield)
rNeg    . . .        c - +0 robe
rPois   .            (no helmet)
rElec   .            m - +2 cloak
rCorr   .            (no gloves)
SInv    .            (no boots)
Will    .....        (no amulet)
Stlth   ++           (no ring)
HPRegen 0.24/turn    (no ring)
MPRegen 0.11/turn

%: no passive effects
@: no status effects
A: no striking features
a: no special abilities


You were on level 3 of the Dungeon.
You visited 1 branch of the dungeon, and saw 3 of its levels.

You collected 115 gold pieces.

Inventory:

Hand Weapons
 a - a +1 sling (weapon)
 b - a +2 demon trident of flaming
Missiles
 n - a throwing net
Armour
 c - a +0 robe (worn)
 m - a +2 cloak (worn)
Scrolls
 e - a scroll of noise {unknown}
 f - 2 scrolls of poison
 g - a scroll of torment {unknown}
 j - a scroll of fear {unknown}
 l - 4 scrolls of identify {unknown}
 p - a scroll of enchant weapon {unknown}
 r - 3 scrolls of teleportation {unknown}
 s - a scroll of enchant armour {unknown}
Potions
 h - a potion of enlightenment {unknown}
 i - 3 potions of curing {unknown}
 k - a potion of lignification {unknown}
 o - a potion of resistance {unknown}
 q - 2 potions of berserk rage {unknown}


   Skills:
 - Level 0.7 Fighting
 + Level 5.2 Ranged Weapons
 - Level 2.4 Dodging
 - Level 1.5 Spellcasting
 + Level 6.0 Hexes


You had 2 spell levels left.
You knew the following spells:

 Your Spells              Type           Power      Damage    Failure   Level
a - Slow                  Hex            92%        N/A       1%          1
b - Inner Flame           Hex/Fire       12%        N/A       17%         3

Your spell library contained the following spells:

 Spells                   Type           Power      Damage    Failure   Level
 Cause Fear               Hex            11%        N/A       16%         4
 Portal Projectile        Hex/Tloc       24%        N/A       17%         3


Dungeon Overview and Level Annotations

Branches:
Dungeon (3/15)

Altars:

Annotations:
D:3 1 runed translucent door, Crazy Yiuf


Message History

You shoot a sling bullet.
The sling bullet hits the black bear but does no damage.
The black bear is heavily wounded.
You shoot a sling bullet. The sling bullet hits the black bear.
The black bear is severely wounded.
The black bear shakes off its lethargy.
The black bear goes berserk!
The black bear attacks as you move away!
The black bear barely misses you. The black bear claws you. x2
The black bear attacks as you move away!
The black bear closely misses you. x2
The black bear claws you but does no damage.
The black bear bites you but does no damage.
The black bear claws you. The black bear barely misses you.
Casting: Slow (safe; 1% risk of failure)
Confirm with . or Enter, or press ? or * to list all spells.
Aiming: Slow (safe; 1% risk of failure)
Press: ? - help, Shift-Dir - straight line, f/p - black bear
Aim: a black bear (severely wounded, berserk, chance to affect: 55%)
The black bear seems to slow down.
The black bear bites you.
* * * LOW HITPOINT WARNING * * *
The black bear claws you.
* * * LOW HITPOINT WARNING * * *
The black bear claws you.
* * * LOW HITPOINT WARNING * * *
You feel much better. The black bear completely misses you.
The black bear claws you.
The black bear claws you but does no damage.
The black bear attacks as you move away!
The black bear bites you. The black bear claws you.
* * * LOW HITPOINT WARNING * * *
The black bear barely misses you.
The black bear attacks as you move away!
The black bear bites you!
* * * LOW HITPOINT WARNING * * *
The black bear claws you but does no damage.
The black bear claws you.
* * * LOW HITPOINT WARNING * * *
The black bear attacks as you move away!
The black bear bites you!
You die...

# #.......# ##
######..# .# #..# .#
#..######### .#
###..#...h...# .#
#....#.#####.# .#
#.#.##.# .#
#######...##.## .#
#.........@h..# .#
#.#######.###.# .#
#.# #.###.# ## #.#
##...#.# #<#
##......#
#.#####.......##
######.#............#
#...................#
#..##..##..##.......#


You could see a black bear (berserk, slow).

Vanquished Creatures
  7 adders
  4 worms
  2 dart slugs
  8 endoplasms
  6 goblins
  5 hobgoblins
  A quokka (D:1)
  3 ball pythons
  2 bats
  6 frilled lizards
  5 kobolds
  9 rats
58 creatures vanquished.

Notes
Turn   | Place    | Note
-------+----------+-------------------------------------------
     0 | D:1      | Grim the Deep Elf Hexslinger began the quest for the Orb.
     0 | D:1      | Reached XP level 1. HP: 11/11 MP: 5/5
   149 | D:1      | Reached XP level 2. HP: 16/16 MP: 6/6
   677 | D:1      | Found a faded altar of an unknown god.
   786 | D:2      | Reached XP level 3. HP: 20/20 MP: 7/7
  1009 | D:2      | Reached skill level 5 in Hexes
  1084 | D:2      | HP: 1/20 [poisoned by an adder]
  1334 | D:2      | Reached XP level 4. HP: 24/24 MP: 8/8
  1894 | D:2      | Learned a level 3 spell: Inner Flame
  2083 | D:3      | Reached skill level 5 in Ranged Weapons
  2106 | D:3      | Found a runed translucent door.
  2107 | D:3      | Noticed Crazy Yiuf
  2295 | D:3      | Reached skill level 6 in Hexes
  2650 | D:3      | Noticed a black bear
  2712 | D:3      | Mangled by a black bear

Illustrated notes

Levels and vault maps discovered:
D:1:      reono_arrival_mine, layout_loops_cross,
          shapermc_ecumenical_altar_mp_ritualfount, item_on_display_a
D:2:      minmay_skewed_foursquare, layout_basic, chequers_big_river
D:3:      layout_loops_ring, grunt_ministairs_7, palyth_stone_intersect,
          uniq_crazy_yiuf_cottage

Skill      XL: |  1  2  3  4 |
---------------+-------------+-----
Ranged Weapons | 3 4 5 |  5.2
Hexes          | 5 6 |  6.0
Fighting       | |  0.7
Dodging        | |  2.4
Spellcasting   | |  1.5

Action                     |  1- 3 |  4- 6 || total
---------------------------+-------+-------++-------
  Melee: Demon trident     |    35 |    20 ||    55
         Punch             |     1 |       ||     1
   Fire: Sling             |    64 |    84 ||   148
   Cast: Slow              |       |     7 ||     7
    Use: Potion            |     1 |     1 ||     2
 Armour: Robe              |    10 |    13 ||    23
  Dodge: Dodged            |    30 |    42 ||    72

Table legend: (Time is in decaauts)
 A = Elapsed time spent in this place.
 B = Non-inter-level travel time spent in this place.
 C = Inter-level travel time spent in this place.
 D = Time resting spent in this place.
 E = Time spent auto-exploring this place.
 F = Levels seen in this place.
 G = Mean time per level.
                   A        B        C        D        E       F      G
               +--------+--------+--------+--------+--------+-----+--------+
         Total |   2744 |   2616 |    128 |    367 |   1741 |   3 |  914.7 |
       Dungeon |   2744 |   2616 |    128 |    367 |   1741 |   3 |  914.7 |
               +--------+--------+--------+--------+--------+-----+--------+

Top non-repeatable levels by time:
     D:2: 1284 daAuts
     D:1: 734 daAuts
     D:3: 725 daAuts
